AoeStats
← [RAT] G0rm

Lombardia

508325937Analyzed
4v4 RM · 11d ago on Sep 21, 2026· 56m 31s· 8 players
Game mode
Random Map
Map size
Large (8 player)
Population
200
Speed
Normal
Resources
Standard
Victory
Conquest
Starting age
Dark Age
Ending age
Imperial Age
RankedLock teamsTeams togetherTeam positionsShared explorationLock speedFull tech treeHidden civsTurbo modeCheats
Victory
Defeat
🇲🇽 Hindustanis · Mexico
1804
+7
🇺🇸 Saracens · United States
1633
+12
🇺🇸 Tatars · United States
1616
+13
🇷🇴 Japanese · Romania
1482
+18
🇨🇦 Burgundians · Canada
1586
-14
🇲🇽 Persians · Mexico
1574
-13
🇺🇸 Ethiopians · United States
1554
-12
🇲🇽 Saracens · Mexico
1504
-11
mRmaxime
6:58 Loom
9:42 Feudal Age
9:24 Double-Bit Axe
9:21 Horse Collar
10:53 Bow Saw
12:37 Heavy Plow
21:13 Castle Age
19:18 Gold Mining
20:13 Forging
21:54 Gold Shaft Mining
23:07 Two-Man Saw
24:43 Iron Casting
25:33 Crop Rotation
25:36 Scale Barding Armor
26:56 Stone Mining
26:51 Cavalier
27:53 Chain Barding Armor
28:32 Wheelbarrow
28:03 Husbandry
30:54 Stone Shaft Mining
31:28 Hand Cart
33:20 Guilds
36:04 Imperial Age
33:58 Town Watch
34:36 Scale Mail Armor
33:58 Pikeman
34:38 Squires
34:24 Arson
36:09 Chain Mail Armor
36:09 Paladin
37:52 Blast Furnace
37:28 Plate Barding Armor
36:53 Halberdier
37:57 Conscription
38:06 Conscription
37:57 Capped Ram
38:57 Light Cavalry
43:31 Plate Mail Armor
43:13 Masonry
42:44 Treadmill Crane
43:57 Hoardings
44:04 Padded Archer Armor
44:17 Fletching
44:58 Architecture
45:29 Chemistry
45:04 Architecture
45:02 Town Patrol
45:36 Bodkin Arrow
45:19 Elite Skirmisher
46:20 Hussar
47:46 Leather Archer Armor
48:41 Ballistics
48:45 Bracer
53:40 Caravan
骑猪射箭
9:10 Feudal Age
10:27 Double-Bit Axe
14:54 Wheelbarrow
15:40 Fletching
20:40 Castle Age
20:53 Crossbowman
21:39 Thumb Ring
21:37 Loom
24:10 Gold Mining
24:49 Bodkin Arrow
26:57 Gold Shaft Mining
29:31 Ballistics
33:14 Imperial Age
32:04 Padded Archer Armor
32:23 Town Watch
33:18 Arbalester
35:03 Chemistry
36:59 Bow Saw
38:54 Bracer
39:10 Leather Archer Armor
49:32 Ring Archer Armor
49:07 Scale Barding Armor
49:13 Forging
49:41 Husbandry
49:02 Light Cavalry
50:48 Hand Cart
51:19 Caravan
52:19 Chain Barding Armor
52:35 Iron Casting
52:51 Hussar
54:42 Elite Skirmisher
MZTK | Orocar
6:30 Loom
9:09 Feudal Age
11:21 Fletching
13:37 Double-Bit Axe
20:47 Castle Age
19:22 Horse Collar
23:02 Crossbowman
23:48 Town Watch
27:18 Bodkin Arrow
32:30 Bow Saw
34:53 Wheelbarrow
37:53 Heavy Plow
38:32 Gold Mining
44:02 Imperial Age
42:03 Stone Mining
42:50 Gold Shaft Mining
43:04 Hand Cart
43:21 Bloodlines
43:45 Fortified Wall
43:54 Husbandry
44:12 Caravan
46:25 Conscription
46:53 Ballistics
47:35 Elite Mameluke
49:35 Arbalester
50:25 Thumb Ring
52:08 Chemistry
52:08 Hoardings
52:45 Bracer
52:45 Padded Archer Armor
57:35 Two-Man Saw
56:26 Guard Tower
56:22 Arrowslits
MZTK | V
6:26 Loom
8:58 Feudal Age
11:01 Double-Bit Axe
16:49 Scale Barding Armor
20:37 Castle Age
19:40 Horse Collar
20:12 Forging
23:21 Husbandry
23:47 Scale Barding Armor
24:23 Town Watch
25:14 Wheelbarrow
26:16 Chain Barding Armor
31:57 Bow Saw
37:44 Fletching
40:17 Stone Mining
43:57 Imperial Age
42:04 Hand Cart
41:45 Gold Mining
41:57 Heavy Plow
42:42 Iron Casting
44:04 Stone Shaft Mining
44:25 Bloodlines
44:52 Plate Barding Armor
45:21 Blast Furnace
47:03 Conscription
51:15 Bodkin Arrow
52:27 Kamandaran
52:22 Elite War Elephant
[RAT] Spencer
6:22 Loom
9:18 Feudal Age
9:45 Double-Bit Axe
16:17 Scale Barding Armor
19:20 Horse Collar
19:33 Gold Mining
22:21 Castle Age
20:46 Bloodlines
21:49 Gold Mining
21:50 Stone Mining
22:24 Horse Collar
26:04 Chain Barding Armor
25:46 Husbandry
25:57 Bow Saw
33:19 Heavy Plow
33:55 Wheelbarrow
35:14 Gold Shaft Mining
34:57 Forging
36:09 Hand Cart
40:07 Imperial Age
38:11 Fortified Wall
38:21 Town Watch
39:35 Iron Casting
40:15 Elite Mameluke
41:41 Plate Barding Armor
40:40 Capped Ram
42:22 Blast Furnace
43:14 Conscription
42:36 Siege Ram
43:47 Caravan
48:18 Two-Man Saw
50:13 Counterweights
51:04 Masonry
50:49 Fletching
52:01 Chemistry
51:43 Bodkin Arrow
52:39 Ballistics
52:56 Siege Engineers
56:10 Light Cavalry
56:52 Bracer
Arcy
6:04 Loom
8:24 Feudal Age
9:56 Double-Bit Axe
13:22 Horse Collar
15:24 Scale Barding Armor
21:34 Wheelbarrow
21:58 Forging
25:35 Castle Age
24:51 Bloodlines
25:43 Gold Mining
26:53 Chain Barding Armor
27:32 Hand Cart
28:12 Husbandry
34:00 Gold Shaft Mining
33:28 Heavy Plow
34:12 Caravan
39:40 Imperial Age
38:00 Scale Mail Armor
38:36 Iron Casting
39:51 Chain Mail Armor
39:55 Elite Ghulam
41:42 Masonry
43:02 Arson
43:21 Squires
46:24 Grand Trunk Road
48:23 Conscription
49:33 Bow Saw
53:34 Blast Furnace
52:26 Fletching
53:40 Chemistry
52:47 Siege Engineers
57:24 Coinage
Benedict Cucumberpatch
6:26 Loom
8:56 Feudal Age
9:38 Double-Bit Axe
12:06 Fletching
14:02 Padded Archer Armor
21:33 Castle Age
21:48 Gold Mining
21:38 Crossbowman
22:46 Bodkin Arrow
25:39 Ballistics
27:44 Leather Archer Armor
33:50 Wheelbarrow
33:50 Husbandry
35:39 Bloodlines
40:51 Imperial Age
39:59 Hand Cart
39:29 Town Watch
39:26 Horse Collar
39:57 Bow Saw
41:18 Heavy Cavalry Archer
42:02 Bracer
43:13 Chemistry
43:20 Ring Archer Armor
42:58 Silk Armor
44:42 Masonry
46:42 Conscription
48:29 Caravan
48:59 Coinage
50:51 Siege Engineers
55:06 Timurid Siegecraft
55:40 Fortified Wall
[RAT] G0rm
4:45 Loom
6:31 Loom
12:30 Feudal Age
16:07 Castle Age
14:57 Double-Bit Axe
15:38 Horse Collar
25:07 Scale Mail Armor
26:29 Forging
26:21 Gambesons
29:49 Iron Casting
29:55 Chain Mail Armor
32:52 Wheelbarrow
34:37 Hand Cart
38:01 Imperial Age
35:23 Arson
36:10 Bow Saw
35:31 Pikeman
36:23 Guard Tower
36:46 Fletching
37:07 Yasama
37:22 Bodkin Arrow
37:45 Town Watch
38:18 Treadmill Crane
38:19 Halberdier
39:39 Plate Mail Armor
39:48 Keep
39:56 Squires
43:06 Bracer
44:46 Chemistry
47:47 Town Patrol
48:58 Ballistics
48:26 Arrowslits
48:39 Murder Holes
49:12 Caravan
Connection lost

Rejoining the realm…

Still unreachable

The connection could not be restored.

Session expired

The server has moved on; the page needs a fresh start.